[Event "79th Georgian Women-ch 2022"]
[Site "Tbilisi"]
[Date "2022.06.07"]
[Round "2.4"]
[White "Tsotsonava, Elene"]
[Black "Lomaia, Diana"]
[Result "0-1"]
[ECO "B01"]
[WhiteElo "1915"]
[BlackElo "1846"]
[Annotator "TA"]
[PlyCount "92"]
[EventDate "2022.06.06"]
[EventType "tourn"]
[EventCountry "GEO"]
[SourceTitle "playchess.com"]
[Source "ChessBase"]
[SourceQuality "1"]
[TimeControl "40/5400+30:1800+30"]

1. e4 d5 2. exd5 Qxd5 3. Nf3 Nf6 4. Be2 c5 5. Nc3 Qd8 6. d4 {[%emt 0:05:06] B01: Scandinavian Defence.} e6 7. Bg5 (7. Be3 $5 ) 7... Be7 8. dxc5 {[%emt 0:04:59] White is slightly better.} Qa5 9. O-O O-O 10. Bd3 {[%emt 0:05:20] [#]} (10. Ne4 $16) 10... Qxc5 $146 ({Predecessor:} 10... Nc6 11. Qe2 Qxc5 12. Ne4 Nxe4 13. Qxe4 f5 14. Qh4 Bxg5 15. Nxg5 h6 16. Nf3 b5 {1-0 (42) Bengelsdorf,U-Strunz,L Donaueschingen 1985}) 11. Qe2 g6 12. Rfe1 Nc6 13. Rad1 (13. h4 $16) 13... Rd8 (13... Nd4 $1 $11 {keeps the balance.} 14. Qe3 Nxf3+ 15. gxf3 Qxe3 16. fxe3 b6) 14. h4 $16 a6 15. Ne4 Nxe4 16. Bxe4 Bd7 17. Bxe7 (17. a3 $16 {And now b4 would win.} Bxg5 18. b4 (18. hxg5 Be8 $14)) 17... Qxe7 $14 18. h5 Qf6 19. hxg6 hxg6 20. Bxc6 Bxc6 21. Qe5 Kg7 (21... Qf5 {keeps more tension.} 22. Nd4 Qxe5 23. Rxe5 Kg7) 22. Qxf6+ Kxf6 23. Nd4 Bd5 24. Rd3 Rac8 25. f4 {[%emt 0:05:44] Prevents e5.} ({Better is} 25. c3 $15) 25... Bxa2 $17 26. b3 $2 {[%emt 0:00:37] [#] White does not recover from this.} (26. c3 $17 {keeps fighting.}) 26... Rxc2 $3 $19 27. g4 (27. Red1 Rb2) 27... Rd5 28. Ree3 Rc1+ 29. Kf2 Bb1 30. Rd2 Rdc5 31. Ne2 R5c2 32. Rd7 {[%emt 0:00:13] [#]} Rc7 $1 33. Rd4 R1c5 34. b4 Rc4 35. Rb3 Rxd4 36. Nxd4 {[%emt 0:00:02][%mdl 4096] Endgame KRB-KRN} Ba2 37. Rb2 Bd5 38. b5 axb5 {[%emt 0:00:40] White must now prevent ...Rc4.} 39. Rxb5 Rc4 40. Ke3 Rc3+ 41. Kf2 (41. Kd2 {only move.} Ra3 42. g5+ Ke7 43. Rc5) 41... g5 42. f5 Ke5 43. fxe6 (43. Ne2 $142 Rf3+ 44. Ke1) 43... Kxd4 44. e7 Rc8 (44... Rc2+ $142 45. Ke1 {[#]} Re2+ $3 46. Kf1 Rxe7 47. Kg1 Re4 48. Kh2 Kc4 49. Rb6 Kc5 50. Rb1 b5 51. Rc1+ Rc4 52. Rg1 Rc2+ 53. Kg3 b4 54. Ra1 b3 55. Ra5+ Kc4 56. Ra4+ Kb5 57. Rd4 Kc5 58. Rd1 b2 59. Rb1 Be4 60. Rf1 Rc1 61. Kf2 Rxf1+ 62. Kxf1 b1=Q+ 63. Ke2 Qd3+ 64. Kf2 Qd1 65. Kg3 Qg1+ 66. Kh3 Qg2#) 45. Rb4+ Ke5 46. Rb1 Re8 {[%emt 0:00:09] Weighted Error Value: White=0.69/Black=0.47} 0-1

[Event "79th Georgian Women-ch 2022"]
[Site "Tbilisi"]
[Date "2022.06.07"]
[Round "2.5"]
[White "Javakhishvili, Lela"]
[Black "Purtseladze, Maka"]
[Result "1-0"]
[ECO "D37"]
[WhiteElo "2480"]
[BlackElo "2287"]
[Annotator "TA"]
[PlyCount "39"]
[EventDate "2022.06.06"]
[EventType "tourn"]
[EventCountry "GEO"]
[SourceTitle "playchess.com"]
[Source "ChessBase"]
[SourceQuality "1"]
[TimeControl "40/5400+30:1800+30"]

1. d4 d5 2. c4 e6 3. Nc3 Be7 4. Bf4 Nf6 5. e3 O-O 6. Nf3 c5 7. dxc5 Bxc5 8. Qc2 Nc6 9. Rd1 Qa5 10. a3 Ne4 11. cxd5 {[%emt 0:04:26] D37: Queen's Gambit Declined: 5 Bf4.} Nxc3 12. bxc3 exd5 13. Rxd5 {[%emt 0:06:18] Strongly threatening Ng5. White is better.} (13. Ng5 $5 g6 14. Rxd5 $14) 13... Ne7 {[%emt 0:00:36] [#]} 14. Ng5 $1 g6 15. Rd2 $40 {[%emt 0:01:02][%mdl 128] White has some attack. White is more active.} Bxa3 $2 (15... Bf5 $14 16. e4 h6) 16. Bc4 {[%emt 0:09:00] [#]} b5 $146 (16... Kg7 17. O-O f6) ({Predecessor:} 16... Bf5 17. Qb3 Rac8 18. Ra2 Rxc4 19. Qxc4 Qc5 20. Qxc5 Bxc5 21. e4 Bd7 22. O-O f6 {1-0 (33) Gipslis,A-Shashin,B Moscow 1970}) 17. Bxf7+ $18 Kg7 18. Be5+ Kh6 19. Qe4 Nf5 20. Qf4 {[%emt 0:00:43] Black got outplayed after the opening.  Weighted Error Value: White=0.15 (very precise) /Black=1.14} 1-0